Frizzbo, neutral female gnomish Wizard ---------- |%mG!%?(.| |?[+!f+%.| |((.)[[?.| |%./!%!/.| |!++%?.[@| |[=[.!!..-## ---------- # ### ---+- # |...| ## ##.....######------ |...| #.....| |...| #|....+ |...| #|.<..| ----- #-..... ------ Frizzbo the Conjurer Experience level: 3 Strength: 13 Dexterity: 17 Constitution: 13 Intelligence: 19 Wisdom: 8 Charisma: 7 Health: 0(24) Energy: 3(34) Def: 2 Gold: 311 Moves: 1709 Dungeon seed: sFMSD8MVkYdXjmHe Game ID: Frizzbo_1465921146 Your Inventory: Coins $ - 311 gold pieces Weapons a - a blessed +1 quarterstaff (alternate weapon; not wielded) B - an uncursed +0 elven dagger (weapon in hand) Armor e - an uncursed +0 cloak of magic resistance (being worn) q - an uncursed +0 orcish helm (being worn) Comestibles x - an uncursed food ration z - an uncursed lichen corpse Scrolls h - an uncursed scroll of confuse monster j - a blessed scroll of magic mapping n - an uncursed scroll of light p - an uncursed scroll of teleportation u - a cursed scroll of blank paper Spellbooks k - a blessed spellbook of force bolt l - an uncursed spellbook of identify s - an uncursed spellbook of blank paper Potions f - a blessed potion of booze g - 2 uncursed potions of healing t - an uncursed potion of gain ability v - an uncursed potion of see invisible w - an uncursed potion of sickness A - an uncursed potion of hallucination Rings c - an uncursed +3 ring of gain strength (on left hand) d - an uncursed ring of polymorph control Wands b - an uncursed wand of create monster (0:14) Tools m - an uncursed blindfold o - an uncursed magic lamp Gems r - an uncursed worthless piece of yellow glass y - an uncursed worthless piece of green glass N - an uncursed fluorite stone Spells and supernatural/magical abilities: Name Level Category Fail Memory a - force bolt 1 attack 0% 92% B - cure blindness 2 healing 62% 95% I - identify 3 divination 87% 92% W - pray for help -- divine ? -- Your skills at the end: Fighting Skills Weapon Skills quarterstaff [Basic] Spellcasting Skills attack spells [Basic] enchantment spells [Basic] Final Attributes: You were nominally aligned. You were magic-protected. You had infravision. You were held by a large mimic. You are dead. Vanquished creatures: a hobbit a yellow mold 5 garter snakes 4 jackals a fox a goblin 4 sewer rats 8 grid bugs 2 lichens a kobold zombie 4 newts 32 creatures vanquished. Voluntary challenges: You used a wielded weapon 27 times, starting on turn 191. You read items or engraved 3 times, starting on turn 607. You never genocided any monsters. You never polymorphed an object. You never changed form. You used no wishes. You never split a pudding. You never wrote Elbereth's name. You violated your moral code, losing 20 points of alignment, starting on turn 1693. Dungeon overview: The Dungeons of Doom: levels 1 to 4 Level 1 a fountain a long staircase Level 2 a fountain a long staircase Level 3 some fountains Level 4 <- You were here a general store History has recorded: On T:1 you entered the Dungeons of Doom to retrieve the Amulet of Yendor! On T:513 you reached level 2 of The Dungeons of Doom. On T:1010 you advanced to experience level 2. On T:1312 you reached level 3 of The Dungeons of Doom. On T:1636 you reached level 4 of The Dungeons of Doom. On T:1637 you advanced to experience level 3. Score breakdown: Gold: 311 ( 8484 points) Experience: 3 levels ( 7878 points) Exploration: 4 levels ( 8.16%) ( 7500 points) Discoveries: 6 items ( 2.08%) ( 4330 points) Valuables value: (no points given unless you survive) Artifact value: 0 ( 0 points) Variety of kills: 11 monsters ( 2.89%) ( 5097 points) Turncount: 1709 turns ( 0 points) Survival: died (score multiplied by 80%) Total score: 26631 Latest messages: Widgee bites the garter snake. The garter snake misses Widgee. You kill the garter snake! Widgee eats a garter snake corpse. (2x) You see here a tin whistle (15 zorkmids). You stop. Widgee is in the way! You see here a scroll labeled ELAM EBOW (450 zorkmids). You see here a food ration (67 zorkmids). You see here a dark potion (450 zorkmids). You see here a golden potion (450 zorkmids). Widgee picks up a brown potion. Wait! That's a large mimic! The large mimic hits! The spell hits the large mimic! The spell hits the large mimic! You begin praying to Thoth. Widgee drops a brown potion. The large mimic hits! You die... Tuktoyaktuk gratefully inherits all your possessions. Final status: Goodbye Frizzbo the Wizard, killed by a large mimic, while praying... You died in The Dungeons of Doom on dungeon level 4 with 26631 points, and 311 pieces of gold, after 1709 moves. You were level 3 with a maximum of 24 hit points when you died.